 Dungeon Crawl Stone Soup version 0.30-a0-743-gbfdf073431 (webtiles) character file.

Game seed: 15973527916123614193

182 jimonade the Covert (level 5, 0/30 HPs)
             Began as a Vampire Brigand on Feb 6, 2023.
             Slain by a gnoll sergeant
             ... wielding a +0 trident
              (3 damage)
             ... on level 4 of the Dungeon.
             The game lasted 00:08:49 (2657 turns).

jimonade the Covert (Vampire Brigand)               Turns: 2657, Time: 00:08:50

Health: 0/30       AC:  4    Str: 10    XL:     5   Next: 34%
Magic:  5/5        EV: 16    Int: 14    God:
Gold:   92         SH:  0    Dex: 23    Spells: 4/4 levels left

rFire   . . .      SeeInvis +    a - +7 Spriggan's Knife {stab, EV+4 Stlth+}
rCold   + + .      Faith    .    (no shield)
rNeg    + + +      Spirit   .    k - +0 leather armour
rPois   ∞          Reflect  .    (no helmet)
rElec   .          Harm     .    c - +0 cloak
rCorr   .          Rampage  .    (no gloves)
Will    .....                    (no boots)
Stlth   +++++++                  (no amulet)
HPRegen 0.00/turn                v - +6 ring of dexterity
MPRegen 0.09/turn                j - ring of wizardry

@: bloodless, inhibited regen, studying Short Blades
A: bloodless, fangs 3, see invisible, vampiric 2
a: Bat Form, Revivify


You were on level 4 of the Dungeon.
You visited 1 branch of the dungeon, and saw 4 of its levels.

You collected 92 gold pieces.

Inventory:

Hand Weapons
 a - the +7 Spriggan's Knife (weapon) {stab, EV+4 Stlth+}
   (You acquired it on level 3 of the Dungeon)

   Stab:      It is more effective when stabbing unaware enemies, sometimes
   treating them as though they were completely helpless.
   EV:        It affects your evasion (+4).
   Stlth:     It makes you more stealthy.
 f - a +2 dagger of pain
 r - a +2 dagger
Missiles
 d - 13 poisoned darts (quivered)
 e - 6 curare-tipped darts
Armour
 b - a +0 robe
 c - a +0 cloak (worn)
 k - a +0 leather armour (worn)
 w - a +0 ring mail
Jewellery
 j - a ring of wizardry (right hand)
 v - a +6 ring of dexterity (left hand)
Wands
 s - a wand of acid (11)
Scrolls
 g - a scroll of vulnerability
 i - 2 scrolls of immolation
 l - 2 scrolls of teleportation
 t - a scroll of identify {unknown}
Potions
 h - a potion of magic {unknown}
 m - a potion of ambrosia {unknown}
 n - a potion of haste {unknown}
 o - 2 potions of curing {unknown}
 p - a potion of degeneration {unknown}
 q - a potion of cancellation {unknown}
 u - a potion of lignification {unknown}


   Skills:
 + Level 2.1 Fighting
 * Level 3.9 Short Blades
 - Level 1.5 Throwing
 + Level 0.6 Armour
 + Level 1.6 Dodging
 + Level 8.4 Stealth
 * Level 1.1 Necromancy


You had 4 spell levels left.
You didn't know any spells.
Your spell library was empty.

Dungeon Overview and Level Annotations

Branches:
Dungeon (4/15)
 Temple: D:4-7

Altars:

Shops:
D:1 *   D:3 :


Innate Abilities, Weirdness & Mutations

You do not regenerate when monsters are visible.
You are frail without blood (-20% HP).
You can heal yourself when you bite living creatures.
You are immune to poison.
You have razor-sharp teeth.
You have supernaturally acute eyesight. (SInv)
You are afflicted with vampirism and can become a bat while bloodless.


Message History

The gnoll sergeant attacks as you move away!
The gnoll sergeant misses you. x2; The gnoll throws a throwing net.
The throwing net misses you.
You see here a throwing net.
The gnoll throws a throwing net.
The throwing net misses you.
There is a stone staircase leading down here.
You see here 4 boomerangs.
There is an escape hatch in the ceiling here.
The gnoll sergeant hits you from afar with a +0 trident.
* * * LOW HITPOINT WARNING * * *
A mysterious force pulls you upwards. The hatch slams shut behind you.
You start resting.
HP restored.
You start waiting.
Done waiting.
There is a stone staircase leading down here.
You see here a scroll of noise.
You climb downwards.
There is a stone staircase leading up here.
The gnoll sergeant hits you with a +0 trident!
The gnoll shouts! x2
You hit the gnoll sergeant but do no damage.
The gnoll sergeant closely misses you.
You puncture the gnoll sergeant!
The gnoll sergeant is moderately wounded.
The gnoll sergeant closely misses you.
You hit the gnoll sergeant.
The gnoll sergeant is heavily wounded.
You hit the gnoll sergeant.
The gnoll sergeant is heavily wounded.
The gnoll sergeant misses you.
You closely miss the gnoll sergeant. You bite the gnoll sergeant.
You draw the gnoll sergeant's blood!
You feel better.
The gnoll sergeant is heavily wounded.
The gnoll sergeant hits you with a +0 trident!
The gnoll barely misses you.
The gnoll sergeant hits you from afar with a +0 trident!
* * * LOW HITPOINT WARNING * * *
The gnoll sergeant hits you from afar with a +0 trident.
You die...

.######....# ####..>.........#
....##>.#### ######.#..(.......#
..........####......#....g.<...#
.......##.#....................#
.......##.............#.[......#
.................g.g.##........#
.......##.##.#...gg####........#
...................# #........#
......#####.....@..# ####.#####
......#####...###### #..#
.......#....#..############.#####
#########.......................#
#.....).....########.#.##
#......###### ###...# #......##
#....## ####...>### ##.##.###
####......#######........


You could see a gnoll sergeant and 3 gnolls.

Vanquished Creatures
  A kobold brigand (D:4)
  2 adders
  An ufetubus (D:4)
  A dart slug (D:3)
  An orc (D:4)
  5 bats
  10 endoplasms
  4 giant cockroaches
  11 goblins
  10 hobgoblins
  2 jackals (D:3)
  6 quokkas
  9 ball pythons
  2 frilled lizards
  5 kobolds
  3 rats
73 creatures vanquished.

Vanquished Creatures (others)
  7 plants (D:4)
7 creatures vanquished.

Grand Total: 80 creatures vanquished

Notes
Turn   | Place    | Note
-------+----------+-------------------------------------------
     0 | D:1      | jimonade the Vampire Brigand began the quest for the Orb.
     0 | D:1      | Reached XP level 1. HP: 16/16 MP: 1/1
    39 | D:1      | Reached skill level 6 in Stealth
   124 | D:1      | Reached XP level 2. HP: 12/17 MP: 2/2
   303 | D:1      | Reached skill level 7 in Stealth
   416 | D:1      | Found Abuap's General Store.
   429 | D:1      | Gained mutation: You are afflicted with vampirism and can
                  | become a bat while bloodless. [Vampire growth]
   429 | D:1      | Reached XP level 3. HP: 21/21 MP: 3/3
  1318 | D:2      | Found a faded altar of an unknown god.
  1421 | D:3      | Found Laostro's Book Shoppe.
  1482 | D:3      | Reached XP level 4. HP: 21/26 MP: 4/4
  1926 | D:3      | Identified a scroll of acquirement
  1926 | D:3      | Acquired the +7 Spriggan's Knife {stab, EV+4 Stlth+}
  1926 | D:3      | Found the +7 Spriggan's Knife {stab, EV+4 Stlth+}
  1999 | D:4      | Acquired a manual of Short Blades
  2054 | D:4      | Reached skill level 8 in Stealth
  2081 | D:4      | Noticed a gnoll sergeant
  2169 | D:4      | Noticed a kobold brigand
  2174 | D:4      | Killed a kobold brigand
  2175 | D:4      | Reached skill level 1 in Necromancy
  2175 | D:4      | Reached XP level 5. HP: 30/30 MP: 5/5
  2657 | D:4      | Slain by a gnoll sergeant

Illustrated notes

Levels and vault maps discovered:
D:1:      lightli_arrival_farm, layout_rooms, serial_shops, shop
D:2:      layout_basic, dilly_ecumenical_altar_fadedgnrine, grunt_decor_junction
D:3:      layout_rooms, serial_shops, shop
D:4:      layout_rooms, demons_altar, nicolae_grassy_gnolls

Skill      XL: |  1  2  3  4 |
---------------+-------------+-----
Stealth        | 6 7 8 |  8.4
Short Blades   | 3 |  3.9
Fighting       | 2 |  2.1
Necromancy     | 1 |  1.1
Throwing       | |  1.5
Armour         | |  0.6
Dodging        | |  1.6

Action                     |  1- 3 |  4- 6 || total
---------------------------+-------+-------++-------
  Melee: Dagger            |   111 |    34 ||   145
         Bite              |    11 |     5 ||    16
         Knife             |       |    22 ||    22
  Throw: Dart              |       |     1 ||     1
Ability: Exsanguinate      |     1 |       ||     1
    Use: Scroll            |       |     9 ||     9
   Stab: Sleeping          |    18 |    12 ||    30
 Armour: Robe              |     6 |       ||     6
         Leather armour    |    19 |     7 ||    26
  Dodge: Dodged            |    43 |    28 ||    71

Table legend: (Time is in decaauts)
 A = Elapsed time spent in this place.
 B = Non-inter-level travel time spent in this place.
 C = Inter-level travel time spent in this place.
 D = Time resting spent in this place.
 E = Time spent auto-exploring this place.
 F = Levels seen in this place.
 G = Mean time per level.
                   A        B        C        D        E       F      G
               +--------+--------+--------+--------+--------+-----+--------+
         Total |   2646 |   2509 |    137 |    226 |   1517 |   4 |  661.5 |
       Dungeon |   2646 |   2509 |    137 |    226 |   1517 |   4 |  661.5 |
               +--------+--------+--------+--------+--------+-----+--------+

Top non-repeatable levels by time:
     D:2: 860 daAuts
     D:3: 757 daAuts
     D:1: 562 daAuts
     D:4: 466 daAuts
